 Dungeon Crawl Stone Soup version 0.21.1-1-g345015f (webtiles) character file.

3582 sking99 the Grappler (level 9, -12/93 HPs)
             Began as a Troll Monk on July 2, 2018.
             Mangled by Joseph
             ... wielding a +2 quarterstaff of protection
              (15 damage)
             ... on level 7 of the Dungeon.
             The game lasted 00:08:32 (5955 turns).

sking99 the Grappler (Troll Monk)                   Turns: 5955, Time: 00:08:33

Health: -12/93     AC:  6    Str: 21    XL:     9   Next: 84%
Magic:  8/8        EV: 11    Int:  6    God:
Gold:   373        SH:  0    Dex: 15    Spells: 8/8 levels left

rFire    . . .     SeeInvis .     - Unarmed
rCold    . . .     Gourm    +   (no shield)
rNeg     . . .     Faith    .   a - +1 robe
rPois    .         Spirit   .   x - +0 hat
rElec    .         Reflect  .   (no cloak)
rCorr    .         Harm     .   (gloves unavailable)
MR       .....                  (boots unavailable)
Stlth    ++........             (no amulet)
HPRegen  0.65/turn              (no ring)
MPRegen  0.11/turn              (no ring)

@: very slightly contaminated, invisible
A: large, unfitting armour, claws 3, fast metabolism 3, gourmand, regeneration
1, shaggy fur 1, tough skin 2
a: no special abilities


You were on level 7 of the Dungeon.
You were very full.

You visited 2 branches of the dungeon, and saw 8 of its levels.

You collected 373 gold pieces.

Inventory:

Missiles
 i - a throwing net (quivered)
Armour
 a - a +1 robe (worn)
 x - a +0 hat (worn)
Jewellery
 p - a +4 ring of dexterity {unknown}
Wands
 m - a wand of flame (21)
Scrolls
 c - a scroll of noise {unknown}
 d - 7 scrolls of remove curse
 g - a scroll of magic mapping
 l - a scroll of identify
 n - a scroll of blinking
 o - a scroll of enchant armour
 u - a scroll of teleportation {unknown}
 w - a scroll of enchant weapon {unknown}
 z - a scroll of fog
Potions
 e - a potion of invisibility
 f - 2 potions of might {unknown}
 h - 2 potions of cancellation
 j - 3 potions of haste {unknown}
 k - 2 potions of curing {unknown}
 q - 2 potions of heal wounds
 r - 2 potions of magic {unknown}
 s - 3 potions of berserk rage {unknown}
 t - 3 potions of agility
 v - 2 potions of flight {unknown}
 A - a potion of degeneration {unknown}
Books
 y - a book of Flames

   Spells                             Type                      Level
   a - Flame Tongue                   Conjuration/Fire             1
   b - Throw Flame                    Conjuration/Fire             2
   c - Conjure Flame                  Conjuration/Fire             3
   d - Inner Flame                    Hexes/Fire                   3
   e - Sticky Flame                   Conjuration/Fire             4
   f - Fireball                       Conjuration/Fire             5
Comestibles
 b - 11 rations


   Skills:
 + Level 7.3 Fighting
 - Level 2.4 Dodging
 - Level 1.0 Stealth
 * Level 11.7 Unarmed Combat


You had 8 spell levels left.
You didn't know any spells.

Dungeon Overview and Level Annotations

Branches:
Dungeon (7/15)             Temple (1/1) D:6

Altars:
Ashenzari
Cheibriados
Dithmenos
Elyvilon
Fedhas
Gozag
Hepliaklqana
Kikubaaqudgha
Makhleb
Okawaru
Qazlal
Sif Muna
Trog
Uskayaw
Vehumet
Wu Jian
Xom
Yredelemnul
Zin

Shops:
D:4 %

Annotations:
D:7 Joseph


Innate Abilities, Weirdness & Mutations

You are too large for most types of armour.
You have claws for hands.
Your metabolism is lightning-fast.
You like to eat raw meat.
Your natural rate of healing is unusually fast.
You are covered in fur. (AC +1)
You have very tough skin. (AC +2)


Message History

Joseph hits you with an uncursed quarterstaff of protection.
* * * LOW HITPOINT WARNING * * *
Okay, then.
Press: ? - help, v - describe, . - travel
Here: Joseph, wielding a quarterstaff of protection, wearing a ring mail and carrying a wand of acid (7)
The floor.
You fade into invisibility!
Joseph zaps a wand.
The bolt of acid hits you!
* * * LOW HITPOINT WARNING * * *
You are splashed with acid!
The acid burns!
* * * LOW HITPOINT WARNING * * *
You are very lightly contaminated with residual magic.
You scratch Joseph but do no damage. Your claw misses Joseph.
Joseph closely misses you.
You scratch Joseph.
Joseph is lightly wounded.
You claw Joseph!
Joseph is lightly wounded.
Joseph hits you with an uncursed quarterstaff of protection!
You die...

.## #####.........# .#
#..........# .## #
#..........# ..###...
#..........# _....(P.
.#..........# ..###..
..........$.#
.##.##### #...)..(...#
.#......# #..........#
.##.....# #.....@....#
..#.....###.....@....#
P.#.<................#
..#.........<........#
.##..................#
..................####
####..............#
####....##.....# ....#


You could see Joseph.

Vanquished Creatures
  Pikel (D:4)
  An ugly thing (D:6)
  The ghost of tkdonut the Chopper, a novice HOBe of Trog (D:4)
  The ghost of RottenKnight the Conjurer, a novice DrCj (D:6)
  Grinder (D:4)
  Edmund (D:4)
  Menkaure (D:7)
  2 slaves (D:4)
  2 ice beasts
  4 ogres
  A wyvern zombie (D:7)
  2 scorpions
  4 wights (D:6)
  2 crimson imps
  A bullfrog zombie (D:5)
  A jelly (D:6)
  2 orc priests (D:6)
  2 hounds
  A centaur skeleton (D:4)
  An iron imp (D:6)
  Terence (D:3)
  An iguana (D:4)
  2 orc wizards
  4 worker ants
  A hound skeleton (D:4)
  A worker ant zombie (D:5)
  10 adders
  7 gnolls
  A shadow imp (D:7)
  3 adder skeletons
  3 worms
  4 dart slugs
  2 leopard geckos (D:3)
  11 orcs
  A ball python (D:2)
  9 giant cockroaches
  14 goblins
  9 hobgoblins
  12 jackals
  5 kobolds
  3 quokkas
  A ball python skeleton (D:5)
  4 bats (D:3)
  2 frilled lizards
  A quokka zombie (D:6)
  9 rats
  A rat zombie (D:5)
154 creatures vanquished.

Vanquished Creatures (others)
  An adder (D:4)
1 creature vanquished.

Grand Total: 155 creatures vanquished

Notes
Turn   | Place    | Note
-------+----------+-------------------------------------------
     0 | D:1      | sking99 the Troll Monk began the quest for the Orb.
     0 | D:1      | Reached XP level 1. HP: 22/22 MP: 0/0
   120 | D:1      | Reached XP level 2. HP: 26/29 MP: 1/1
   875 | D:2      | Found a blossoming altar of Fedhas.
   922 | D:2      | Reached XP level 3. HP: 30/36 MP: 2/2
   940 | D:2      | Reached skill level 4 in Unarmed Combat
  1174 | D:2      | Reached XP level 4. HP: 45/45 MP: 3/3
  1748 | D:3      | Found an opulent altar of Gozag.
  1836 | D:3      | Reached skill level 5 in Unarmed Combat
  1859 | D:3      | Noticed Terence
  1864 | D:3      | Killed Terence
  1864 | D:3      | Reached XP level 5. HP: 47/53 MP: 4/4
  2239 | D:4      | Noticed Edmund
  2251 | D:4      | Killed Edmund
  2251 | D:4      | Reached XP level 6. HP: 14/62 MP: 5/5
  2434 | D:4      | Found Cayhyum's Food Emporium.
  2467 | D:4      | Reached skill level 6 in Unarmed Combat
  2580 | D:4      | Noticed Grinder
  2590 | D:4      | Noticed tkdonut's ghost (novice HOBe)
  2596 | D:4      | Killed Grinder
  2596 | D:4      | Reached skill level 7 in Unarmed Combat
  2596 | D:4      | Reached XP level 7. HP: 71/71 MP: 6/6
  2673 | D:4      | Killed tkdonut's ghost
  2673 | D:4      | Reached skill level 8 in Unarmed Combat
  2675 | D:4      | Reached skill level 5 in Fighting
  2766 | D:4      | Reached XP level 8. HP: 80/80 MP: 7/7
  3126 | D:4      | Noticed Pikel
  3150 | D:4      | Killed Pikel
  3150 | D:4      | Reached skill level 9 in Unarmed Combat
  3350 | D:5      | Entered Level 5 of the Dungeon
  3369 | D:5      | Found a burning altar of Makhleb.
  3882 | D:5      | Reached skill level 10 in Unarmed Combat
  3882 | D:5      | Reached XP level 9. HP: 77/89 MP: 8/8
  4153 | D:5      | Found an ancient bone altar of Kikubaaqudgha.
  4518 | D:6      | Found a staircase to the Ecumenical Temple.
  4530 | Temple   | Entered the Ecumenical Temple
  4770 | D:6      | Noticed RottenKnight's ghost (novice DrCj)
  4782 | D:6      | Killed RottenKnight's ghost
  4846 | D:6      | Found a snail-covered altar of Cheibriados.
  4861 | D:6      | Noticed a purple ugly thing
  4870 | D:6      | Killed a purple ugly thing
  4870 | D:6      | Reached skill level 11 in Unarmed Combat
  5824 | D:7      | Found a white marble altar of Elyvilon.
  5898 | D:7      | Noticed Menkaure
  5904 | D:7      | Killed Menkaure
  5941 | D:7      | Noticed Joseph
  5952 | D:7      | HP: 2/93 [acid (12)]
  5955 | D:7      | Mangled by Joseph

Skill      XL: |  1  2  3  4  5  6  7  8  9 |
---------------+----------------------------+-----
Unarmed Combat | 4 5 7 8 10 11 | 11.7
Fighting       | 3 4 5 6 7 |  7.3
Dodging        | |  2.4
Stealth        | |  1.0

Action                   |  1- 3 |  4- 6 |  7- 9 || total
-------------------------+-------+-------+-------++-------
Melee: Unarmed           |    82 |   140 |   204 ||   426
       Punch             |     1 |     2 |    10 ||    13
  Use: Scroll            |       |     9 |       ||     9
       Potion            |       |       |     2 ||     2
 Stab: Sleeping          |     4 |     3 |     4 ||    11
       Invisible         |       |       |     1 ||     1
  Eat: Chunk             |    16 |    13 |    30 ||    59
Armor: Robe              |    23 |    43 |    26 ||    92
Dodge: Dodged            |    28 |    59 |    60 ||   147
